Map: Ruby Rock LE

Players

Serral

  • Race: Zerg Zerg

herO - Winner!

  • Race: Protoss Protoss

VOD

Have the link to the VOD?

Description

Time

  • Played on: Jan. 16, 2026, 11 p.m.
  • Length: 11:48
Show
View Real Time Build Order
Export as new Build Order

Serral Zerg 

Build Orders: Hatch First 

Get SALT Encoding   

  12  0:00  Drone  
  13  0:08  Drone  
  14  0:14  Extractor, Drone  
  15  0:34  Hatchery  
  14  0:41  Overlord  
  14  0:46  Extractor  
  14  0:47  Drone  
  15  0:59  Drone x2  
  15  1:03  Drone  
  18  1:12  Spawning Pool  
  18  1:14  Extractor  
  18  1:17  Drone  
  17  1:25  Drone  
  18  1:35  Drone  
  19  1:46  Drone x2  
  21  1:58  Queen x2  
  21  1:59  Zergling x2  
  26  2:04  Overlord  
  26  2:10  Zergling x2  
  26  2:11  Drone  
  28  2:17  Metabolic Boost  
  28  2:22  Drone x2  
  30  2:29  Drone  
  31  2:34  Queen  
  33  2:46  Hatchery  
  33  2:50  Overlord  
  32  2:53  Drone  
  32  2:54  Drone  
  32  2:57  Drone  
  32  2:58  Drone  
  36  3:04  Overlord  
  36  3:11  Drone x4  
  40  3:17  Drone x3  
  42  3:22  Queen  
  42  3:26  Drone  
  45  3:31  Overlord  
  45  3:33  Zergling x2  
  46  3:38  Queen  
  46  3:40  Drone x2  
  50  3:44  Overlord  
  50  3:45  Drone  
  51  3:48  Spore Crawler  
  51  3:49  Zergling x2  
  51  3:52  Drone x3  
  54  3:56  Spore Crawler  
  54  3:57  Drone  
  54  3:59  Drone  
  54  4:00  Drone  
  56  4:06  Drone x2  
  56  4:08  Zergling x2  
  59  4:11  Drone x2  
  59  4:12  Drone  
  59  4:15  Overlord  
  62  4:18  Drone  
  62  4:20  Drone x2  
  65  4:27  Roach Warren, Drone  
  65  4:31  Overlord  
  65  4:34  Drone x3  
  67  4:42  Spore Crawler  
  67  4:43  Zergling x4  
  67  4:44  Hatchery  
  67  4:45  Drone x2  
  68  4:49  Drone x3  
  68  4:54  Lair  
  68  4:56  Extractor x2  
  68  4:57  Overlord  
  68  4:58  Drone x2  
  69  5:00  Drone x2  
  69  5:03  Overlord  
  69  5:06  Zergling x2  
  72  5:07  Overlord  
  72  5:08  Drone  
  72  5:10  Drone x2  
  75  5:14  Extractor, Drone  
  75  5:15  Drone x2  
  75  5:20  Zergling x2, Spore Crawler  
  77  5:21  Drone x3  
  77  5:23  Drone  
  77  5:24  Drone x2  
  77  5:28  Queen  
  85  5:30  Drone  
  85  5:31  Zergling x2  
  85  5:33  Overlord  
  85  5:34  Zergling x2  
  85  5:35  Zergling x2  
  87  5:42  Zergling x6  
  90  5:47  Zergling x6  
  93  5:55  Extractor x2  
  93  5:57  Roach x4  
  93  6:01  Drone x6  
  105  6:05  Extractor x2  
  105  6:07  Roach  
  105  6:09  Roach  
  105  6:11  Pneumatized Carapace  
  106  6:13  Roach x5  
  106  6:18  Roach  
  116  6:21  Glial Reconstitution  
  116  6:23  Overlord  
  116  6:24  Roach  
  118  6:26  Overlord x4  
  118  6:30  Overlord  
  118  6:34  Roach  
  120  6:41  Roach x4  
  120  6:43  Overlord x3  
  132  6:47  Roach x2  
  132  6:51  Roach x3  
  137  6:56  Roach x3  
  137  7:00  Queen  
  133  7:05  Roach x3  
  139  7:11  Roach x3  
  139  7:15  Roach  
  142  7:19  Roach x2  
  129  7:24  Roach x3  
  119  7:31  Roach x2  
  120  7:37  Roach x3  
  120  7:42  Roach x3  
  132  7:44  Ravager  
  132  7:45  Ravager x4  
  137  7:52  Roach x3  
  137  7:54  Ravager  
  137  7:55  Ravager x2  
  137  7:57  Roach x2  
  150  8:03  Roach x3  
  154  8:11  Roach x3  
  160  8:18  Roach x4  
  166  8:26  Roach x4  
  164  8:29  Roach  
  146  8:35  Roach x3  
  146  8:38  Roach x2  
  150  8:42  Roach x2  
  134  8:49  Roach x4  
  134  8:52  Roach  
  134  8:53  Roach  
  140  8:59  Evolution Chamber  
  140  9:02  Drone x7  
  146  9:11  Tunneling Claws, Burrow  
  146  9:18  Roach x5  
  146  9:23  Roach x3  
  162  9:29  Roach x3  
  168  9:32  Zerg Missile Weapons Level 1  
  168  9:34  Overlord  
  168  9:36  Overlord  
  166  9:41  Roach x2  
  166  9:44  Overlord  
  170  9:52  Roach x5  
  180  9:55  Ravager x3  
  179  10:00  Roach x4  
  179  10:05  Roach x3  
  180  10:09  Roach x11  
  174  10:16  Ravager x3  
  174  10:17  Roach x5  
  183  10:22  Roach x9  
  183  10:23  Roach x10  
  183  10:25  Roach x5  
  171  10:29  Roach x3  
  159  10:36  Roach x3  
  159  10:40  Roach x3  
  160  10:48  Roach x4  
  164  10:51  Roach x2  
  164  10:55  Ravager x2  
  164  10:56  Ravager  
  171  10:58  Zergling x4  
  171  11:01  Roach x3  
  179  11:08  Roach x4  
  185  11:14  Roach x12  
  175  11:18  Roach x5  
  175  11:21  Roach x3  
  175  11:22  Roach x2  
  159  11:32  Ravager x3  
Show
View Real Time Build Order
Export as new Build Order

herO Protoss - Winner!

Build Orders: 1 Gate Expand, Oracle Opening, Archon Immortal, Archon Drop 

Get SALT Encoding   

  12  0:00  Probe  
  13  0:13  Probe, Pylon  
  13  0:21  Probe  
  15  0:31  Probe  
  16  0:40  Gateway  
  16  0:43  Probe  
  16  0:48  Assimilator  
  17  0:55  Probe  
  18  1:07  Probe  
  19  1:19  Probe  
  20  1:26  Nexus  
  20  1:37  Cybernetics Core  
  20  1:38  Probe  
  21  1:45  Assimilator  
  21  1:50  Probe  
  21  1:54  Pylon  
  22  2:01  Stalker  
  22  2:02  Probe  
  23  2:15  Probe  
  26  2:23  Stargate  
  26  2:24  Probe  
  27  2:30  Adept  
  27  2:32  Probe  
  27  2:34  Probe  
  30  2:39  Warp Gate  
  30  2:41  Probe  
  30  2:42  Probe  
  33  2:52  Probe  
  33  2:53  Probe  
  35  2:59  Oracle  
  35  3:00  Adept  
  35  3:04  Probe  
  38  3:06  Probe  
  42  3:13  Pylon  
  42  3:17  Probe  
  42  3:18  Probe  
  44  3:24  Gateway  
  44  3:29  Probe  
  44  3:30  Probe  
  46  3:35  Oracle  
  46  3:41  Probe  
  50  3:42  Probe  
  51  3:50  Nexus  
  51  3:54  Probe  
  51  3:55  Pylon  
  52  3:56  Probe  
  53  4:04  Assimilator  
  53  4:05  Assimilator  
  53  4:07  Probe  
  54  4:13  Probe, Twilight Council  
  54  4:15  Forge  
  55  4:20  Probe  
  55  4:23  Robotics Facility  
  56  4:25  Probe  
  56  4:30  Pylon  
  57  4:32  Probe  
  57  4:37  Probe  
  59  4:43  Probe  
  59  4:44  Protoss Ground Weapons Level 1  
  60  4:46  Probe  
  60  4:50  Charge  
  60  4:51  Probe  
  60  4:52  Pylon  
  61  4:54  Probe  
  61  4:58  Probe  
  61  4:59  Probe, Gateway  
  63  5:03  Probe  
  63  5:04  Gateway  
  63  5:06  Warp Prism  
  63  5:07  Probe  
  66  5:08  Adept  
  66  5:11  Probe  
  70  5:15  Probe  
  70  5:17  Probe  
  74  5:23  Probe  
  74  5:24  Templar Archives  
  74  5:27  Probe  
  77  5:36  Photon Cannon  
  77  5:37  Pylon  
  77  5:38  Gateway x2  
  77  5:40  Gateway  
  77  5:42  Observer  
  77  5:46  Gateway  
  77  5:47  Pylon  
  77  5:51  Probe x3  
  80  5:58  Pylon  
  77  6:05  Immortal, High Templar  
  77  6:06  High Templar x3  
  77  6:10  Archon x2  
  89  6:21  Probe x3, Assimilator  
  89  6:23  Assimilator  
  92  6:26  Pylon  
  92  6:33  Pylon  
  92  6:35  Zealot x3  
  92  6:38  Pylon, Zealot  
  92  6:39  Zealot x3  
  106  6:44  Immortal  
  110  6:49  Pylon  
  110  6:50  Psionic Storm  
  110  6:51  Protoss Ground Weapons Level 2  
  106  7:05  Zealot x8  
  122  7:13  Immortal  
  118  7:20  Blink  
  108  7:29  Phoenix  
  104  7:30  Zealot x8  
  118  7:50  Shield Battery  
  118  7:51  Photon Cannon, Pylon  
  118  7:52  Immortal  
  118  7:53  Photon Cannon  
  118  7:54  Phoenix  
  118  7:58  Sentry, Zealot x3  
  132  8:06  Zealot x4  
  134  8:22  Immortal, Zealot x4  
  132  8:30  Zealot x4  
  122  8:43  High Templar x2  
  122  8:44  Zealot x2  
  122  8:48  Archon  
  116  8:50  Zealot x4  
  122  9:01  Immortal, Gateway  
  126  9:03  Gateway  
  126  9:07  High Templar x2  
  130  9:10  High Templar  
  130  9:11  High Templar x2, Zealot  
  136  9:20  Zealot x2  
  140  9:30  Immortal  
  138  9:34  Zealot  
  136  9:41  Zealot x4  
  136  9:45  High Templar x3  
  154  9:50  Archon  
  154  9:59  High Templar, Zealot  
  154  10:02  Immortal  
  144  10:08  Zealot x5  
  154  10:18  High Templar  
  154  10:28  Zealot x4  
  156  10:32  Immortal  
  156  10:34  Archon  
  140  10:37  Archon  
  140  10:38  Zealot  
  140  10:39  Zealot x4  
  146  10:53  High Templar x2  
  146  10:55  Zealot x3, Photon Cannon  
  156  10:58  Archon  
  156  11:02  Pylon x2  
  156  11:04  Pylon x2, Fleet Beacon  
  156  11:07  Pylon  
  156  11:11  Observer  
  157  11:25  Archon, Stalker x7  
  159  11:26  Stalker  
Tags
 
Add a new tag
Caveats
  • Supply blocks, unpowered buildings, or Contaminate may cause inaccurate times.
  • Supply counts are checked every 10 seconds.